 Dungeon Crawl Stone Soup version 0.21.1-68-g103a7af (webtiles) character file.

18 meralisa the Ruffian (level 2, 0/25 HPs)
             Began as a Naga Transmuter on Aug 2, 2018.
             Slain by a hobgoblin
             ... wielding a +0 club
              (5 damage)
             ... on level 1 of the Dungeon.
             The game lasted 00:03:08 (824 turns).

meralisa the Ruffian (Naga Transmuter)               Turns: 824, Time: 00:03:09

Health: 0/25       AC:  0    Str: 12    XL:     2   Next: 70%
Magic:  4/5        EV: 10    Int: 13    God:
Gold:   44         SH:  0    Dex: 11    Spells: 4/5 levels left

rFire    . . .     SeeInvis +     - Unarmed
rCold    . . .     Gourm    .   (no shield)
rNeg     . . .     Faith    .   (no armour)
rPois    +         Spirit   .   (no helmet)
rElec    .         Reflect  .   (no cloak)
rCorr    .         Harm     .   (no gloves)
MR       .....                  (no barding)
Stlth    ++........             (no amulet)
HPRegen  0.08/turn              (no ring)
MPRegen  0.09/turn              (no ring)

@: short of breath, appendage (expiring), very slow
A: large, horns 2, see invisible, deformed body, poison resistance, slowness 2,
slow metabolism 1, spit poison 1, AC +0
a: Spit Poison, End Transformation


You were on level 1 of the Dungeon.
You were not hungry.
You had grown temporary horns.
You visited 1 branch of the dungeon, and saw 1 of its levels.

You collected 44 gold pieces.

Inventory:

Missiles
 a - 12 arrows
 i - 12 poisoned needles
Armour
 b - a +0 robe
 e - a +0 leather armour of fire resistance
Scrolls
 f - a scroll of enchant weapon {unknown}
 g - a scroll of remove curse {unknown}
 h - a scroll of noise {unknown}
 j - a scroll of identify {unknown}
Books
 c - a book of Changes

   Spells                             Type                      Level
   a - Beastly Appendage              Transmutation                1
   b - Sticks to Snakes               Transmutation                2
   c - Spider Form                    Transmutation/Poison         3
   d - Ice Form                       Ice/Transmutation            4
   e - Blade Hands                    Transmutation                5
Comestibles
 d - 3 rations
 k - a chunk of flesh


   Skills:
 * Level 1.5 Fighting
 + Level 0.1 Armour
 + Level 1.6 Dodging
 * Level 1.8 Stealth
 + Level 3.1 Unarmed Combat
 + Level 2.0 Spellcasting
 + Level 2.1 Transmutations


You had 4 spell levels left.
You knew the following spells:

 Your Spells              Type           Power        Failure   Level  Hunger
a - Beastly Appendage     Tmut           #.....       11%         1    ##.....


Dungeon Overview and Level Annotations

Branches:
Dungeon (1/15)

Altars:


Innate Abilities, Weirdness & Mutations

You cannot wear boots.
Your serpentine skin is tough. (AC +0)
You have supernaturally acute eyesight. (SInv)
Armour fits poorly on your strangely shaped body.
Your system is resistant to poisons. (rPois)
You cover ground very slowly.
You have a slow metabolism.
You can spit poison.
You have a pair of horns on your head.


Message History

You closely miss the kobold.
The kobold is severely wounded.
The kobold hits you.
* * * LOW HITPOINT WARNING * * *
You hit the kobold but do no damage.
The kobold is severely wounded.
The kobold completely misses you.
You closely miss the kobold.
The kobold is severely wounded.
You barely miss the hobgoblin.
The hobgoblin is almost dead.
The kobold closely misses you. The hobgoblin completely misses you.
You can't do that yet.
Unknown command.
You closely miss the hobgoblin.
The hobgoblin is almost dead.
The hobgoblin looks more healthy.
The kobold hits you.
* * * LOW HITPOINT WARNING * * *
The hobgoblin hits you with a club.
You die...

##### ....## ..........#
.....# .....g....# §....#
..........# §[..<#
...?......# .# §....#
.......... #.# #.. .§...#
......... #.# .. ....##
#....g####.##.# #####
#.Kg@##.#..# ..
#....##K.#.#.# ... ##....
##.#...#### #.# !......
#........# # #..# ###†...
###......# ##..### #....
###.......#
......#####.####.........#
..###.......##..)..#.....#
...# #.........###.....#


You could see 2 hobgoblins and 2 kobolds.

Vanquished Creatures
  A dart slug (D:1)
  3 bats (D:1)
  4 goblins (D:1)
  A hobgoblin (D:1)
  A frilled lizard (D:1)
  4 kobolds (D:1)
  2 rats (D:1)
16 creatures vanquished.

Notes
Turn   | Place    | Note
-------+----------+-------------------------------------------
     0 | D:1      | meralisa the Naga Transmuter began the quest for the Orb.
     0 | D:1      | Reached XP level 1. HP: 18/18 MP: 3/3
   128 | D:1      | Reached skill level 1 in Stealth
   294 | D:1      | Reached XP level 2. HP: 16/25 MP: 3/5
   824 | D:1      | Slain by a hobgoblin

Skill      XL: |  1 |
---------------+----+-----
Stealth        | 1 |  1.8
Fighting       | |  1.5
Armour         | |  0.1
Dodging        | |  1.6
Unarmed Combat | |  3.1
Spellcasting   | |  2.0
Transmutations | |  2.1

Action                   || total
-------------------------++-------
Melee: Unarmed           ||    39
       Headbutt          ||     1
 Cast: Beastly Appendage ||     9
 Abil: Spit Poison       ||    16
Armor: Leather armour    ||     7
Dodge: Dodged            ||    29
